 Dungeon Crawl Stone Soup version 0.29-a0-330-g52719c12eb (webtiles) character file.

Game seed: 1926753746437602674

49 kae the Gusty (level 3, -4/31 HPs)
             Began as an Ogre Air Elementalist on Apr 12, 2022.
             Slain by a gnoll
             ... wielding a +0 whip
              (7 damage)
             ... on level 1 of the Dungeon.
             The game lasted 00:01:33 (1461 turns).

kae the Gusty (Ogre Air Elementalist)               Turns: 1461, Time: 00:01:34

Health: -4/31      AC:  3    Str: 12    XL:     3   Next: 75%
Magic:  6/7        EV:  9    Int: 18    God:
Gold:   26         SH:  0    Dex:  9    Spells: 7/8 levels left

rFire   . . .      SeeInvis .   (no weapon)
rCold   . . .      Faith    .   (no shield)
rNeg    . . .      Spirit   .   a - +0 robe
rPois   .          Reflect  .   (helmet restricted)
rElec   .          Harm     .   (no cloak)
rCorr   .          Rampage  .   (gloves unavailable)
Will    .....                   (boots unavailable)
Stlth   +.........              c - amulet of the acrobat
HPRegen 0.10/turn               (no ring)
MPRegen 0.10/turn               (no ring)

@: no status effects
A: large, unfitting armour, tough skin 1
a: no special abilities


You were on level 1 of the Dungeon.
You visited 1 branch of the dungeon, and saw 2 of its levels.

You collected 26 gold pieces.

Inventory:

Missiles
 d - 2 throwing nets
Armour
 a - a +0 robe (worn)
Jewellery
 c - an amulet of the acrobat (around neck)
Potions
 b - a potion of magic


   Skills:
 - Level 1.7 Dodging
 - Level 1.4 Stealth
 + Level 3.0 Spellcasting
 + Level 1.6 Conjurations
 * Level 3.5 Air Magic


You had 7 spell levels left.
You knew the following spells:

 Your Spells              Type           Power      Damage    Failure   Level
a - Shock                 Conj/Air       48%        1d6       5%          1

Your spell library contained the following spells:

 Spells                   Type           Power      Damage    Failure   Level
 Magic Dart               Conj           32%        1d4       9%          1
 Static Discharge         Conj/Air       12%        N/A       9%          2
 Searing Ray              Conj           16%        2d5       12%         2
 Swiftness                Air            15%        N/A       12%         3
 Summon Small Mammal      Summ           8%         N/A       16%         1
 Airstrike                Air            7%         N/A       36%         4
 Call Canine Familiar     Summ           2%         N/A       43%         3
 Summon Guardian Golem    Hex/Summ       2%         N/A       43%         3
 Fulminant Prism          Conj/Hex       2%         3d6       75%         4


Dungeon Overview and Level Annotations

Branches:
Dungeon (2/15)

Altars:


Innate Abilities, Weirdness & Mutations

You are too large for most types of armour.
You have tough skin. (AC +1)


Message History

Aiming: Shock (safe; 6% risk of failure)
Press: ? - help, Shift-Dir - straight line The zap hits the gnoll.
You kill the gnoll!
Casting: Shock (safe; 5% risk of failure)
Confirm with . or Enter, or press ? or * to list all spells.
You can't see any susceptible monsters within range! (Use Z to cast anyway.)
Casting: Shock (safe; 5% risk of failure)
Confirm with . or Enter, or press ? or * to list all spells.
You can't see any susceptible monsters within range! (Use Z to cast anyway.)
You start resting.
Magic restored.
HP restored.
You climb downwards.
The gnoll hits you from afar with a +0 halberd!
The gnoll hits you with a +0 whip. x2; The gnoll misses you.
There is a stone staircase leading up, spattered with blood here.
The gnoll hits you with a +0 whip.
* * * LOW HITPOINT WARNING * * *
The gnoll hits you from afar with a +0 halberd.
* * * LOW HITPOINT WARNING * * *
You climb upwards.
There is a stone staircase leading down here.
Okay, then.
Okay, then.
You aren't carrying any scrolls.
You aren't carrying any items that you can evoke.
Unknown command.
Things that are here:
a +0 flail; a gnoll corpse
Casting: Shock (safe; 5% risk of failure)
Confirm with . or Enter, or press ? or * to list all spells.
Aiming: Shock (safe; 5% risk of failure)
Press: ? - help, Shift-Dir - straight line The zap hits the gnoll.
The gnoll is lightly wounded.
The zap hits the gnoll.
The gnoll is heavily wounded.
The gnoll hits you with a +0 whip!
You die...

..........# #.# #.# #....
..........# #.# #.# #####
..........####.#### #.# #
............#.#.#.#######.#######
.................................
...........##.#.#.###############
##########.#........####### #
#..#.#g#.#.......# #
#......@..######## # #.##.#.#.##
# #.######## #.# #.# #.# ###


You could see a gnoll.

Vanquished Creatures
  A gnoll (D:1)
  2 dart slugs (D:1)
  5 ball pythons (D:1)
  3 bats
  3 endoplasms (D:1)
  3 giant cockroaches (D:1)
  3 goblins (D:1)
  5 hobgoblins
  A jackal (D:1)
  6 kobolds
  2 rats (D:1)
34 creatures vanquished.

Notes
Turn   | Place    | Note
-------+----------+-------------------------------------------
     0 | D:1      | kae the Ogre Air Elementalist began the quest for the Orb.
     0 | D:1      | Reached XP level 1. HP: 16/16 MP: 3/3
    73 | D:1      | Reached skill level 1 in Conjurations
   159 | D:1      | Reached XP level 2. HP: 24/24 MP: 2/5
   701 | D:1      | Reached XP level 3. HP: 29/31 MP: 1/7
  1461 | D:1      | Slain by a gnoll

Illustrated notes

Levels and vault maps discovered:
D:1:      minmay_arrival_hallway, layout_basic, serial_glass, glass_columns_a,
          glass_columns_b, st_stairs_8, nrook_mini_backslash
D:2:      layout_basic, basic_altar, due_unseen_surprise

Skill      XL: |  1  2  3 |
---------------+----------+-----
Conjurations   | 1 |  1.6
Air Magic      | 3 |  3.5
Spellcasting   | 3 |  3.0
Dodging        | |  1.7
Stealth        | |  1.4

Action                   || total
-------------------------++-------
Melee: Unarmed           ||    11
 Cast: Shock             ||    71
  Use: Scroll            ||     2
Armor: Robe              ||     6
Dodge: Dodged            ||    15

Table legend: (Time is in decaauts)
 A = Elapsed time spent in this place.
 B = Non-inter-level travel time spent in this place.
 C = Inter-level travel time spent in this place.
 D = Time resting spent in this place.
 E = Time spent auto-exploring this place.
 F = Levels seen in this place.
 G = Mean time per level.
                   A        B        C        D        E       F      G
               +--------+--------+--------+--------+--------+-----+--------+
         Total |   1463 |   1453 |     10 |    306 |    964 |   2 |  731.5 |
       Dungeon |   1463 |   1453 |     10 |    306 |    964 |   2 |  731.5 |
               +--------+--------+--------+--------+--------+-----+--------+

Top non-repeatable levels by time:
     D:1: 1322 daAuts
     D:2: 140 daAuts
